 Dungeon Crawl Stone Soup version 0.32-a0-612-g1c984fe9d1 (webtiles) character file.

Game seed: 11184655288995045230

33 zenocrate the Sneak (level 3, 16/16 HPs)
             Began as a Felid Earth Elementalist on Mar 4, 2024.
             Quit the game on level 2 of the Dungeon.
             The game lasted 00:01:32 (1138 turns).

zenocrate the Sneak (Felid Earth Elementalist)      Turns: 1138, Time: 00:01:32

Health: 16/16      AC:  1    Str:  4    XL:     3   Next: 12%
Magic:  7/7        EV: 17    Int: 20    God:
Gold:   15         SH:  0    Dex: 16    Spells: 3/7 levels left
                                        Lives:  0   Deaths: 1

rFire   . . .        (weapon unavailable)
rCold   . . .        (shield unavailable)
rNeg    . . .        (body armour unavailable)
rPois   .            (helmet unavailable)
rElec   .            (cloak unavailable)
rCorr   .            (gloves unavailable)
SInv    +            (boots unavailable)
Will    .....        (no amulet)
Stlth   ++           (no ring)
HPRegen 0.22/turn    (no ring)
MPRegen 0.10/turn

%: no passive effects
@: no status effects
A: very small, claws 1, fangs 3, see invisible, shaggy fur 1, stealthy paws, no
weapons or thrown items, no armour, multi-lived
a: no special abilities


You were on level 2 of the Dungeon.
You visited 1 branch of the dungeon, and saw 2 of its levels.

You collected 15 gold pieces.

Inventory:

Scrolls
 b - a scroll of teleportation {unknown}
 c - a scroll of fog {unknown}
 d - a scroll of identify {unknown}
Potions
 a - 3 potions of magic


   Skills:
 + Level 3.1 Dodging
 + Level 3.2 Stealth
 + Level 2.5 Spellcasting
 - Level 1.0 Conjurations
 + Level 3.1 Earth Magic


You had 3 spell levels left.
You knew the following spells:

 Your Spells              Type           Power      Damage    Failure   Level
a - Sandblast             Erth           30%        2d9       4%          1
b - Stone Arrow           Conj/Erth      20%        3d8       19%         3

Your spell library contained the following spells:

 Spells                   Type           Power      Damage    Failure   Level
 Passwall                 Erth           15%        N/A       12%         3
 Call Imp                 Summ           4%         N/A       22%         2
 Sublimation of Blood     Necr           2%         N/A       22%         2
 Inner Flame              Hex/Fire       2%         N/A       41%         3
 Brom's Barrelling Bould  Conj/Erth      10%        2d3       54%         4
 Petrify                  Alch/Erth      8%         N/A       61%         4
 Flame Wave               Conj/Fire      4%         2d5       77%         4
 Sticky Flame             Fire/Alch      2%         2d4       83%         4
 Summon Hydra             Summ           1%         N/A       100%        7


Dungeon Overview and Level Annotations

Branches:
Dungeon (2/15)

Altars:
Beogh


Innate Abilities, Weirdness & Mutations

You have sharp claws.
You have razor-sharp teeth.
You have supernaturally acute eyesight. (SInv)
You are covered in fur. (AC +1)
Your paws help you pounce on unaware monsters.
You are incapable of wielding weapons or throwing items.
You cannot wear armour.
You gain extra lives every three experience levels.


Message History

You closely miss the rat. You bite the rat.
You kill the rat!
A goblin comes into view. It is wielding a +0 club.
There are monsters nearby!
The goblin hits you with a +0 club.
There are monsters nearby!
You barely miss the goblin. Your bite misses the goblin.
The goblin barely misses you.
You scratch the goblin.
The goblin is almost dead.
The goblin barely misses you.
You scratch the goblin.
You kill the goblin!
The endoplasm hits you.
You scratch the endoplasm but do no damage.
The endoplasm hits you.
You barely miss the endoplasm. Your bite misses the endoplasm.
The endoplasm barely misses you.
You barely miss the endoplasm. The endoplasm hits you.
You scratch the endoplasm but do no damage.
The endoplasm freezes you.
You are frozen.
You are too injured to fight recklessly!
You scratch the endoplasm but do no damage.
The endoplasm freezes you.
You are frozen.
* * * LOW HITPOINT WARNING * * *
Casting: Sandblast (safe; 4% risk of failure)
Confirm with . or Enter, or press ? or * to list all spells.
Aiming: Sandblast (safe; 4% risk of failure)
Press: ? - help, Shift-Dir - straight line, f - endoplasm
Aim: an endoplasm (98% to hit)
The blast of sand hits the endoplasm.
The endoplasm is almost dead.
The endoplasm freezes you.
You are frozen.
You die...
You rejoin the land of the living...
Found a mace.
Found a stone staircase leading down.
Are you sure you want to abandon this character and quit the game? (Confirm with "yes".)

##+########
#.....@...#
#.........#
..............>
...........##..
#..........# .
#..........#
..........)#
##.........#


There were no monsters in sight!

Vanquished Creatures
  4 ball pythons (D:1)
  4 bats (D:1)
  An endoplasm (D:1)
  2 giant cockroaches (D:1)
  5 goblins
  2 hobgoblins (D:1)
  2 jackals (D:1)
  A quokka (D:1)
  2 frilled lizards (D:1)
  4 kobolds (D:1)
  4 rats
31 creatures vanquished.

Notes
Turn   | Place    | Note
-------+----------+-------------------------------------------
     0 | D:1      | zenocrate the Felid Earth Elementalist began the quest for
                  | the Orb.
     0 | D:1      | Reached XP level 1. HP: 9/9 MP: 4/4
    34 | D:1      | Reached skill level 1 in Conjurations
    48 | D:1      | Found a roughly hewn altar of Beogh.
   133 | D:1      | Reached XP level 2. HP: 13/13 MP: 3/6
   684 | D:1      | Reached XP level 3. HP: 16/16 MP: 7/7
   688 | D:1      | Learned a level 3 spell: Stone Arrow
   994 | D:1      | Found a faded altar of an unknown god.
  1137 | D:2      | Frozen to death by an endoplasm
  1137 | D:2      | Lost a life (0 lives remaining)
  1138 | D:2      | Quit the game

Illustrated notes

Levels and vault maps discovered:
D:1:      dpeg_arrival_round_a, layout_loops_ring,
          hellmonk_ecumenical_altar_defaced_shrine
D:2:      layout_basic, serial_bayou, serial_bayou_pond_e, serial_bayou_lake_a,
          serial_bayou_lagoon_a, serial_bayou_pond_c

Skill      XL: |  1  2 |
---------------+-------+-----
Conjurations   | 1 |  1.0
Earth Magic    | 3 |  3.1
Stealth        | 3 |  3.2
Dodging        | 3 |  3.1
Spellcasting   | |  2.5

Action                     || total
---------------------------++-------
  Melee: Unarmed           ||    42
         Bite              ||     3
   Cast: Sandblast         ||    27
   Stab: Sleeping          ||     2
 Armour: Skin              ||    17
  Dodge: Dodged            ||    49

Table legend: (Time is in decaauts)
 A = Elapsed time spent in this place.
 B = Non-inter-level travel time spent in this place.
 C = Inter-level travel time spent in this place.
 D = Time resting spent in this place.
 E = Time spent auto-exploring this place.
 F = Levels seen in this place.
 G = Mean time per level.
                   A        B        C        D        E       F      G
               +--------+--------+--------+--------+--------+-----+--------+
         Total |   1151 |   1096 |     55 |      0 |    910 |   2 |  575.5 |
       Dungeon |   1151 |   1096 |     55 |      0 |    910 |   2 |  575.5 |
               +--------+--------+--------+--------+--------+-----+--------+

Top non-repeatable levels by time:
     D:1: 1134 daAuts
     D:2: 17 daAuts
